 Dungeon Crawl Stone Soup version 0.18.1-48-g4cf74bf (webtiles) character file.

125 Heedrag the Conjurer (level 4, 0/24 HPs)
             Began as a Deep Elf Conjurer on Aug 24, 2016.
             Slain by a goblin
             ... wielding a +0 dagger
             ... led by Robin
              (3 damage)
             ... on level 3 of the Dungeon.
             The game lasted 00:03:43 (1880 turns).

Heedrag the Conjurer (Deep Elf Conjurer)            Turns: 1880, Time: 00:03:44

Health: 0/24       AC:  2    Str:  6    XL:     4   Next: 82%
Magic:  5/12       EV: 16    Int: 20    God:
Gold:   155        SH:  0    Dex: 15    Spells: 1 memorised, 11 levels left

rFire  . . .     SeeInvis .     e - +0 short sword
rCold  + . .     Gourm    .     a - +0 robe
rNeg   . . .     Faith    .     (no shield)
rPois  .         Spirit   .     (no helmet)
rElec  .         Dismiss  .     (no cloak)
rCorr  .         Reflect  .     (no gloves)
SustAt .         Harm     .     (no boots)
MR     .....                    (no amulet)
Stlth  ++........               m - ring of protection from cold
                                i - +3 ring of evasion

@: not resistant to hostile enchantments, unstealthy
A: no striking features
a: no special abilities


You were on level 3 of the Dungeon.
You were hungry.

You visited 1 branch of the dungeon, and saw 3 of its levels.

You collected 155 gold pieces.

Inventory:

Hand Weapons
 e - a +0 short sword (weapon)
 n - a +0 whip of electrocution
Armour
 a - a +0 robe (worn)
Jewellery
 i - a +3 ring of evasion (left hand)
 j - an uncursed ring of positive energy
 m - a ring of protection from cold (right hand)
Scrolls
 d - 6 scrolls of identify {unknown}
 f - a scroll of remove curse {unknown}
 g - 3 scrolls of fear {unknown}
 h - a scroll of random uselessness {unknown}
 l - a scroll of amnesia {unknown}
 r - a scroll of magic mapping {unknown}
Potions
 k - a potion of curing {unknown}
 p - a potion of brilliance {unknown}
 q - a potion of flight {unknown}
Books
 b - a book of Conjurations

   Spells                             Type                      Level
   a - Magic Dart                     Conjuration                  1
   b - Searing Ray                    Conjuration                  2
   c - Dazzling Spray                 Conjuration/Hexes            3
   d - Fulminant Prism                Conjuration/Hexes            4
   e - Iskenderun's Mystic Blast      Conjuration                  4
   f - Iskenderun's Battlesphere      Conjuration/Charms           5
Comestibles
 c - 3 bread rations
 o - 5 chunks of flesh


   Skills:
 - Level 2.4 Dodging
 - Level 2.4 Stealth
 + Level 4.6 Spellcasting
 * Level 6.1 Conjurations


You had 11 spell levels left.
You knew the following spells:

 Your Spells              Type           Power        Failure   Level  Hunger
a - Magic Dart            Conj           ####         1%          1    None


Dungeon Overview and Level Annotations

Branches:
Dungeon (3/15)

Altars:

Annotations:
D:3 Natasha


Message History

A hobgoblin comes inta view.
It be wieldin' a club.
Tha hobgoblin moves outta view.
Tha hobgoblin shouts!
Tha hobgoblin throws a stone.
Tha stone hits ye.
* * * LOW HITPOINT WARNIN'
* * * Ye see 'ere a stone.
Tha hobgoblin throws a stone.
Tha stone hits ye but does nay damage.
Found 21 stones.
Ye see 'ere a stone.
Castin': Magic Dart Confirm wit' . or Enter, or press ? or * ta list all spells.
Aimin': Magic Dart
Press: ? - help, Shift-Dir - straight line, f - goblin
Aim: a goblin, wieldin' a dagger Tha magic dart hits tha goblin.
Ye kill tha goblin!
Tha hobgoblin throws a stone.
Tha stone barely misses ye.
Tha hobgoblin throws a stone.
Tha stone hits ye but does nay damage.
Tha goblin hits ye wit' a dagger.
Ye die...

##.## .....
#.(.#.......
...#........
#..#........
..#.....g.. ####
##.......g..
#...
#..........#
#...
#.@.......g#
#...
#.(gg......#
#... ####(.###'#
#...
##g###.######...
#..##........).
##5##........##
#.##...g5...#
#..#g..g....#
##5#g.g.....#


You could see a crimson imp, a hobgoblin and 4 goblins.

Vanquished Creatures
  Natasha (D:3)
  Robin (D:3)
  4 adders
  A worm (D:2)
  4 giant geckos
  A ball python (D:2)
  11 goblins
  5 hobgoblins
  4 jackals (D:3)
  5 kobolds
  2 quokkas
  3 bats
  3 rats
45 creatures vanquished.

Notes
Turn   | Place    | Note
--------------------------------------------------------------
     0 | D:1      | Heedrag the Deep Elf Conjurer began the quest for the Orb.
     0 | D:1      | Reached XP level 1. HP: 10/10 MP: 6/6
   345 | D:1      | Reached XP level 2. HP: 15/15 MP: 2/8
  1005 | D:2      | Reached skill level 5 in Conjurations
  1085 | D:2      | Reached XP level 3. HP: 18/19 MP: 8/10
  1505 | D:3      | Reached XP level 4. HP: 24/24 MP: 2/12
  1610 | D:3      | Noticed Natasha
  1613 | D:3      | Killed Natasha
  1662 | D:3      | Noticed Robin
  1663 | D:3      | Noticed Natasha
  1698 | D:3      | Reached skill level 6 in Conjurations
  1809 | D:3      | Killed Robin
  1880 | D:3      | Slain by a goblin

Skill      XL: |  1  2  3  4 |
---------------+-------------+-----
Conjurations   | 5 6 |  6.1
Spellcasting   | 4 |  4.6
Dodging        | |  2.4
Stealth        | |  2.4

Action                   |  1- 3 |  4- 6 || total
-------------------------+-------+-------++-------
Melee: Short sword       |       |     1 ||     1
 Cast: Magic Dart        |    63 |    36 ||    99
  Eat: Chunk             |     2 |       ||     2
Armor: Robe              |       |     5 ||     5
Dodge: Dodged            |     6 |    35 ||    41
